 Dungeon Crawl Stone Soup version 0.32-a0-656-g3542139ebd (webtiles) character file.

Game seed: 15930884369043310061

2931450 Implojin the Intangible (level 27, 205/205 HPs)
             Began as a Coglin Artificer on Mar 7, 2024.
             Was the Champion of Wu Jian.
             Escaped with the Orb
             ... and 5 runes
             ... and 1 gem (intact) on Mar 8, 2024!
             The game lasted 03:48:08 (82284 turns).

Implojin the Intangible (Coglin Artificer)         Turns: 82284, Time: 03:48:09

Health: 205/205    AC: 34    Str: 18    XL:     27
Magic:  23/23      EV: 33    Int:  8    God:    Wu Jian [******]
Gold:   571        SH:  0    Dex: 40    Spells: 26/26 levels left

rFire   + . .        x - +9 rapier (speed) {Myungok}
rCold   + . .        N - +8 rapier (speed) {Prasit}
rNeg    . . .        G - +1 plate armour of the Evil One {^Drain rElec Regen+ Slay+6}
rPois   .            M - +0 hat "Uggeh" {Str+4 Int-5 Dex+4}
rElec   +            z - +0 cloak of Afonufoj {rC+ Regen+ Int+3 Dex+6}
rCorr   .            g - +2 pair of gloves
SInv    .            B - +2 pair of boots {rampage}
Will    ++...        (amulet unavailable)
Stlth   +            (ring unavailable)
HPRegen 2.14/turn    (ring unavailable)
MPRegen 0.18/turn    t - bismuth ramjet {AutoDazzle, rF+ Slay+3}

%: rampage
@: no status effects
A: off-hand wielding, slow wielding, warmup strikes, no jewellery, fangs 1,
iridescent scales 1, agile 1, frail 1, inability to drink after injury 1
0: Orb of Zot
}: 5/15 runes: serpentine, barnacled, slimy, silver, abyssal
a: Renounce Religion, Wall Jump, Serpent's Lash, Heavenly Storm


You escaped.
You worshipped Wu Jian.
Wu Jian was exalted by your worship.
You visited 12 branches of the dungeon, and saw 56 of its levels.
You visited the Abyss 2 times.
You visited 1 bazaar.
You also visited: Ossuary and Volcano.

You collected 9402 gold pieces.
You spent 8831 gold pieces at shops.

Inventory:

Hand Weapons
 a - a +7 vampiric quick blade {Charoen}
 h - the +8 autumn katana {manifold assault}
   (You bought it in a shop on level 2 of the Vaults)
 x - a +9 rapier of speed (weapon) {Myungok}
 N - a +8 rapier of speed (offhand) {Prasit}
Missiles
 n - 45 boomerangs
 s - 3 silver javelins
 v - 23 javelins
 A - 5 curare-tipped darts
 C - 7 throwing nets (quivered)
Armour
 d - quicksilver dragon scales
 g - a +2 pair of gloves (worn)
 p - +7 fire dragon scales
 z - the +0 cloak of Afonufoj (worn) {rC+ Regen+ Int+3 Dex+6}
   (You found it on level 2 of the Depths)

   Int+3:     It affects your intelligence (+3).
   Dex+6:     It affects your dexterity (+6).
   rC+:       It protects you from cold.
   Regen+:    It increases your rate of health regeneration.
 B - a +2 pair of boots of rampaging (worn)
 G - the +1 plate armour of the Evil One (worn) {^Drain rElec Regen+ Slay+6}
   (You found it on level 5 of the Pits of Slime)

   Slay+6:    It affects your accuracy & damage with ranged weapons and melee
   (+6).
   rElec:     It insulates you from electricity.
   Regen+:    It increases your rate of health regeneration.
   ^Drain:    It drains your maximum health when unequipped.
 J - the +4 dragonskin cloak
   (You took it off Tiamat on level 2 of the Realm of Zot)

   Avatar's Aegis: It grants the wearer a chance to resist fire, cold, poison,
   electricity, acid, and negative energy.
 M - the +0 hat "Uggeh" (worn) {Str+4 Int-5 Dex+4}
   (You found it on level 3 of the Crypt)

   Str+4:     It affects your strength (+4).
   Int-5:     It affects your intelligence (-5).
   Dex+4:     It affects your dexterity (+4).
 R - the +0 storm dragon scales "Earthly Heaven" {rElec rPois Str+2}
   (You bought it in a shop on level 2 of the Orcish Mines)

   Str+2:     It affects your strength (+2).
   rElec:     It insulates you from electricity.
   rPois:     It protects you from poison.
 T - a +2 helmet of see invisible
 V - the +5 robe of Night {Dark Will+ SInv}
   (You found it on level 2 of the Vaults)

   Dark:      It shrouds the wearer in darkness, reducing the range at which
   they can see and be seen by others.
   Will+:     It increases your willpower.
   SInv:      It lets you see invisible.
 W - the +2 helmet of Protective Custody {Int+3 Dex+4}
   (You found it on level 5 of the Pits of Slime)

   Int+3:     It affects your intelligence (+3).
   Dex+4:     It affects your dexterity (+4).
 Z - the +7 chain mail of Nihilism {Dex+7}
   (You found it on level 2 of the Shoals)

   Dex+7:     It affects your dexterity (+7).
Gizmo
 t - a bismuth ramjet (installed) {AutoDazzle, rF+ Slay+3}
   (You invented it yourself on level 12 of the Dungeon)

   [bismuth ramjet]

   AutoDazzle: It sometimes fires a blinding ray at enemies whose attacks you
   dodge.
   Slay+3:    It affects your accuracy & damage with ranged weapons and melee
   (+3).
   rF+:       It protects you from fire.
Wands
 i - a wand of paralysis (45)
 L - a wand of light (8)
 Q - a wand of digging (24)
 X - a wand of warping (41)
Scrolls
 c - 20 scrolls of teleportation
 j - 6 scrolls of fog
 m - 8 scrolls of immolation
 u - 10 scrolls of fear
 w - 8 scrolls of blinking
 E - 8 scrolls of vulnerability
 K - 4 scrolls of revelation
 S - 3 scrolls of silence
Potions
 b - 5 potions of magic
 e - 8 potions of curing
 k - 8 potions of heal wounds
 l - 3 potions of might
 o - 9 potions of enlightenment
 r - 6 potions of berserk rage
 D - 3 potions of cancellation
 F - 4 potions of haste
 H - 2 potions of invisibility
 I - 3 potions of attraction
 O - 2 potions of resistance
 P - 4 potions of mutation
Miscellaneous
 f - a sack of spiders
 q - a lightning rod (4/4)
 U - a phial of floods


   Skills:
 - Level 21.0 Fighting
 - Level 19.2(20.0) Short Blades
 - Level 10.2(16.7) Long Blades
 - Level 5.0 Throwing
 * Level 24.6 Armour
 O Level 27 Dodging
 - Level 12.5 Stealth
 - Level 12.0 Evocations


You had 26 spell levels left.
You didn't know any spells.
Your spell library contained the following spells:

 Spells                   Type           Power      Damage    Failure   Level
 Apportation              Tloc           0%         N/A       95%         1
 Foxfire                  Conj/Fire      0%         2x1d4     95%         1
 Freeze                   Ice            0%         1d3       95%         1
 Magic Dart               Conj           0%         1d3       95%         1
 Sandblast                Erth           0%         2d4       95%         1
 Slow                     Hex            0%         N/A       95%         1
 Blink                    Tloc           0%         N/A       99%         2
 Call Imp                 Summ           0%         N/A       99%         2
 Cigotuvi's Dreadful Rot  Necr/Alch/Air  0%         N/A       99%         2
 Ensorcelled Hibernation  Hex/Ice        0%         N/A       99%         2
 Jinxbite                 Hex            0%         N/A       99%         2
 Lesser Beckoning         Tloc           0%         N/A       99%         2
 Mercury Vapours          Alch/Air       0%         N/A       99%         2
 Momentum Strike          Conj/Tloc      0%         3d8       99%         2
 Scorch                   Fire           0%         2d5       99%         2
 Static Discharge         Conj/Air       0%         3-3/arc   99%         2
 Sublimation of Blood     Necr           0%         N/A       99%         2
 Confusing Touch          Hex            0%         N/A       100%        3
 Dazzling Flash           Conj/Hex       0%         N/A       100%        3
 Frozen Ramparts          Ice            0%         1d1       100%        3
 Fugue of the Fallen      Necr           0%         N/A       100%        3
 Gell's Gravitas          Tloc           0%         N/A       100%        3
 Hailstorm                Conj/Ice       0%         3d5       100%        3
 Inner Flame              Hex/Fire       0%         N/A       100%        3
 Mephitic Cloud           Conj/Alch/Air  0%         N/A       100%        3
 Ozocubu's Armour         Ice            0%         N/A       100%        3
 Passwall                 Erth           0%         N/A       100%        3
 Stone Arrow              Conj/Erth      0%         3d7       100%        3
 Teleport Other           Tloc           0%         N/A       100%        3
 Tukima's Dance           Hex            0%         N/A       100%        3
 Airstrike                Air            0%         2d(0-16)  100%        4
 Anguish                  Hex/Necr       0%         N/A       100%        4
 Animate Armour           Summ/Erth      0%         N/A       100%        4
 Animate Dead             Necr           0%         N/A       100%        4
 Brom's Barrelling Bould  Conj/Erth      0%         2d3       100%        4
 Cause Fear               Hex            0%         N/A       100%        4
 Dimensional Bullseye     Hex/Tloc       0%         N/A       100%        4
 Dispel Undead            Necr           0%         3d6       100%        4
 Ignite Poison            Fire/Alch      0%         N/A       100%        4
 Iskenderun's Mystic Bla  Conj/Tloc      0%         2d3       100%        4
 Leda's Liquefaction      Alch/Erth      0%         N/A       100%        4
 Manifold Assault         Tloc           0%         N/A       100%        4
 Martyr's Knell           Necr/Summ      0%         N/A       100%        4
 Passage of Golubria      Tloc           0%         N/A       100%        4
 Petrify                  Alch/Erth      0%         N/A       100%        4
 Sticky Flame             Fire/Alch      0%         2d4       100%        4
 Summon Lightning Spire   Summ/Air       0%         N/A       100%        4
 Vhi's Electric Charge    Tloc/Air       0%         N/A       100%        4
 Alistair's Intoxication  Alch           0%         N/A       100%        5
 Arcjolt                  Conj/Air       0%         1d10      100%        5
 Borgnjor's Vile Clutch   Necr/Erth      0%         N/A       100%        5
 Curse of Agony           Necr           0%         N/A       100%        5
 Fireball                 Conj/Fire      0%         3d3       100%        5
 Freezing Cloud           Conj/Ice/Air   0%         6-21      100%        5
 Irradiate                Conj/Alch      0%         3d11      100%        5
 Iskenderun's Battlesphe  Conj           0%         2d6       100%        5
 Lee's Rapid Deconstruct  Erth           0%         3d4*      100%        5
 Metabolic Englaciation   Hex/Ice        0%         N/A       100%        5
 Silence                  Hex/Air        0%         N/A       100%        5
 Yara's Violent Unravell  Hex/Alch       0%         3d3       100%        5
 Conjure Ball Lightning   Conj/Air       0%         3x3d6     100%        6
 Death Channel            Necr           0%         N/A       100%        6
 Dispersal                Tloc           0%         N/A       100%        6
 Eringya's Noxious Bog    Alch           0%         4d6       100%        6
 Plasma Beam              Fire/Air       0%         2x1d10    100%        6
 Starburst                Conj/Fire      0%         6d3       100%        6
 Enfeeble                 Hex            0%         N/A       100%        7
 Haunt                    Necr/Summ      0%         N/A       100%        7
 Malign Gateway           Summ/Tloc      0%         N/A       100%        7
 Orb of Destruction       Conj           0%         9d5       100%        7
 Ozocubu's Refrigeration  Ice            0%         4d7       100%        7
 Borgnjor's Revivificati  Necr           0%         N/A       100%        8
 Discord                  Hex            0%         N/A       100%        8
 Ignition                 Fire           0%         3d3       100%        8
 Lehudib's Crystal Spear  Conj/Erth      0%         10d2      100%        8
 Chain Lightning          Conj/Air       0%         N/A       100%        9
 Fire Storm               Conj/Fire      0%         5d1       100%        9
 Polar Vortex             Ice            0%         N/A       100%        9
 Shatter                  Erth           0%         3d5*      100%        9


Dungeon Overview and Level Annotations

Branches:
Dungeon (15/15)            Temple (1/1) D:7            Lair (5/5) D:9
 Shoals (4/4) Lair:2        Snake (4/4) Lair:2        Slime (5/5) Lair:4
    Orc (2/2) D:9             Elf (3/3) Orc:2        Vaults (5/5) D:13
  Crypt (3/3) Vaults:3       Tomb (0/3) Crypt:3      Depths (4/4) D:15
    Zot (5/5) Depths:4    Ossuary (visited)         Volcano (visited)

Altars:
Ashenzari
Cheibriados
Dithmenos
Elyvilon
Fedhas
Gozag
Hepliaklqana
Kikubaaqudgha
Makhleb
Nemelex Xobeh
Okawaru
Qazlal
Ru
Sif Muna
Trog
Uskayaw
Vehumet
Wu Jian
Xom
Yredelemnul
Zin
The Shining One
Jiyva

Shops:
D:4 *   D:10 *   D:15 *   Orc:2 [![[   Elf:1 [   Shoals:2 :   Shoals:3 *
Snake:3 =   Snake:4 ?   Vaults:2 =((   Vaults:4 =!=   Vaults:5 ?????
Depths:1 [(*[   Depths:3 =!*=[

Portals:
Hell: Depths:1 Depths:2 Depths:3 Depths:4
Abyss: Depths:3 Depths:4
Pandemonium: Depths:2
Ziggurat: Depths:2

Annotations:
Snake:2 Roxanne
Zot:1 2 transporters, Kinwaexu's ghost, veteran OnBe; MrSquiggles's ghost, veteran OnHW


Innate Abilities, Weirdness & Mutations

You can wield a second weapon in your off-hand.
It takes a long time for you to wield or remove held weapons.
Your first few attacks do less damage.
You cannot equip rings or amulets.
You have very sharp teeth.
You are partially covered in iridescent scales. (AC +2)
You are agile. (Dex +4, Str/Int -1)
You are frail. (-10% HP)
You occasionally lose the ability to drink potions when taking damage.


Message History

You bite the ice devil.
The ice devil is lightly wounded.
You puncture the ice devil with your +9 rapier of speed!
You hit the ice devil but do no damage.
The ice devil is heavily wounded.
You impale the ice devil with your +8 rapier of speed!!
You kill the ice devil!
The Council accepts your kill.
(D) Dungeon (T) Temple (L) Lair (A) Shoals (P) Snake Pit (M) Slime Pits (O) Orcish Mines (E) Elven Halls (V) Vaults (C) Crypt (W) Tomb (U) Depths (H) Hell (Z) Zot
Where to? (Tab/Enter - D:1 @ (x,y), ? - help)
There is a stone staircase leading up here.
You climb upwards.
There is a stone staircase leading down here.
There is a stone staircase leading up here.
You climb upwards.
There is a stone staircase leading down here.
There is an open door here.
You see here a ball python skeleton.
The felid hisses angrily.
The human shouts!
The elf shouts!
The formicid shouts!
The draconian roars!
The oni shouts!
The armataur shouts!
The goblin shouts!
The barachi shouts!
The djinni shouts!
The troll shouts!
The tengu shouts!
The merfolk shouts!
The demonspawn shouts!
The demigod shouts!
The vine stalker shouts!
The dwarf shouts!
The gnoll shouts!
The octopode shouts!
The spriggan shouts!
The kobold shouts!
There is an open door here.
There is a staircase leading out of the dungeon here.
Enter note: :what a game You have escaped!

###.#######.#
#g#.#g#.....#
###.###.#####
#M#.#x#.#
###.###.############
#i#.#K#.............
###'################
#...# #.@.# #####


There were no monsters in sight!

Vanquished Creatures
  the Royal Jelly (Slime:5)
  A seraph (D:6)
  Tiamat (Zot:2)
  6 dread liches
  4 ancient liches
  6 orbs of fire
  Mara (Snake:3)
  3 juggernauts
  Sojobo (Depths:2)
  Josephina (Crypt:3)
  A pandemonium lord (Zot:2)
  The ghost of Uroast the Impregnable, a veteran MiGl of Hepliaklqana (Crypt:3)
  The ghost of Uferhotu the Impregnable, a veteran MiGl of Hepliaklqana (Crypt:3)
  5 Killer Klowns
  Bai Suzhen (Crypt:1)
  Vashnia (Snake:3)
  A curse toe (Zot:3)
  Saint Roka (Elf:2)
  8 golden dragons
  Nikola (Elf:2)
  Norris (Vaults:4)
  3 bone dragons
  2 electric golems (Zot:5)
  A Tzitzimitl (Zot:2)
  Jorgrun (D:15)
  16 tentacled monstrosities
  Zenata (Vaults:4)
  Rupert (D:14)
  26 Orb Guardians
  5 liches
  A Hell Sentinel (D:3)
  5 titans
  3 deep elf blademasters
  10 quicksilver dragons
  5 sphinxes
  2 krakens (Shoals:2)
  2 deep elf master archers (Elf:3)
  21 acid blobs
  4 ancient champions
  2 tentacled starspawn (Abyss:4)
  15 tengu reavers
  6 death cobs
  16 storm dragons
  11 shadow dragons
  4 draconian knights
  9 draconian monks
  5 nagarajas
  5 rockslimes (Slime:5)
  3 revenants
  6 azure jellies (Slime:5)
  A demonspawn warmonger (D:15)
  5 deep elf sorcerers
  A daeva (D:6)
  12 fire giants
  2 draconian shifters
  5 iron dragons
  7 draconian scorchers
  A caustic shrike zombie (Depths:2)
  A balrug (Abyss:4)
  5 reapers
  13 vault wardens
  15 frost giants
  3 deep elf elementalists (Elf:3)
  5 ghouls
  5 ghost moths
  2 curse skulls
  An orc warlord (Vaults:3)
  46 slime creatures
  3 angels
  4 draconian stormcallers
  6 draconian annihilators
  A demonspawn corrupter (D:15)
  2 spriggan defenders (Depths:2)
  16 ironbound preservers
  A cacodemon (Zot:4)
  A caustic shrike skeleton (Depths:2)
  20 stone giants
  3 formless jellyfish
  6 quicksilver oozes
  6 deep elf death magi
  9 vampire knights
  7 ironbound thunderhulks
  18 very ugly things
  A demonspawn black sun (Depths:2)
  5 deep elf demonologists (Elf:3)
  17 green draconians
  4 war gargoyles
  21 purple draconians
  10 white draconians
  9 black draconians
  Azrael (D:13)
  5 deep elf annihilators (Elf:3)
  12 yellow draconians
  A bunyip (shapeshifter) (Depths:3)
  16 red draconians
  10 spark wasps
  8 ettins
  2 green deaths
  5 merfolk javelineers
  An eidolon (Crypt:3)
  3 crystal guardians
  A blizzard demon (Zot:1)
  3 merfolk impalers
  An ettin (shapeshifter) (Vaults:5)
  10 fire dragons
  15 yaktaur captains
  2 entropy weavers (Vaults:2)
  5 jiangshi
  7 deep elf high priests
  7 great orbs of eyes
  Harold (D:10)
  2 salamander tyrants (Snake:4)
  2 great orbs of eyes (shapeshifter) (Abyss:4)
  6 rakshasas
  5 hydras
  3 alligators (Shoals:1)
  5 boulder beetles
  Fannar (D:10)
  11 ice dragons
  2 ogre magi (Vaults:5)
  47 vault guards
  5 spriggan air magi
  5 spriggan skeletons
  4 merfolk avatars
  2 peacekeepers
  Erica (D:11)
  5 ironbound frosthearts
  A juggernaut simulacrum (Abyss:4)
  A two-headed ogre (D:12)
  A fenstrider witch skeleton (Crypt:3)
  2 alligator snapping turtles
  A death knight (Vaults:3)
  15 centaur warriors
  8 anacondas
  4 merfolk aquamancers (Shoals:4)
  7 catoblepae
  4 satyrs
  4 deep troll shamans
  2 tengu warriors (Depths:3)
  6 death yaks (Lair:5)
  9 deep troll earth magi
  22 dancing weapons
  A demonic crawler (Abyss:4)
  9 vampire magi
  5 orc high priests (Orc:2)
  16 naga sharpshooters
  10 naga warriors
  8 shock serpents
  5 spriggan berserkers
  4 thrashing horrors (Abyss:4)
  5 occultists
  4 hell knights
  20 skeletal warriors
  2 spriggans
  15 deep elf knights
  2 sun demons
  A soul eater (Depths:2)
  2 iron trolls (Depths:2)
  2 goliath frogs (Shoals:1)
  2 sixfirhies
  17 skysharks
  A spatial maelstrom (Abyss:4)
  6 wretched stars (Abyss:4)
  7 salamander mystics
  A skyshark (shapeshifter) (Vaults:5)
  An anaconda zombie (Crypt:1)
  16 sea snakes
  28 deep trolls
  5 glowing orange brains
  A shadow demon (Abyss:4)
  A spark wasp zombie (Crypt:3)
  8 arcanists
  4 bog bodies
  7 flayed ghosts
  10 deep elf archers
  8 mana vipers
  A steelbarb worm (shapeshifter) (Vaults:5)
  2 glowing orange brains (shapeshifter)
  7 naga ritualists
  An obsidian statue (Zot:5)
  2 spriggan simulacra
  9 starcursed masses (Abyss:4)
  17 large abominations
  A swamp dragon (shapeshifter) (Depths:1)
  9 phantasmal warriors
  16 ironbound convokers
  9 harpies
  32 deep elf pyromancers
  3 necromancers
  16 lindwurms
  30 deep elf zephyrmancers
  2 harpies (shapeshifter)
  26 ugly things
  16 orc knights
  3 orc sorcerers (Orc:1)
  24 salamanders
  22 manticores
  6 fauns
  7 cyclopes
  3 shining eyes
  An alligator skeleton (Crypt:3)
  25 moths of wrath
  A fire giant skeleton (Crypt:1)
  4 meliai (shapeshifter)
  A worldbinder (Abyss:4)
  3 meliai (D:15)
  2 kobold blastminers (Orc:1)
  A black mamba (shapeshifter) (D:15)
  An eleionoma skeleton (Crypt:1)
  A guardian serpent (Snake:4)
  37 black mambas
  12 merfolk sirens
  An apocalypse crab (Abyss:4)
  9 elephants
  3 smoke demons
  2 water nymphs (shapeshifter)
  A rust devil (Abyss:4)
  25 vault sentinels
  8 water nymphs
  An orange demon (Zot:4)
  23 naga magi
  3 guardian serpents (shapeshifter) (Abyss:4)
  13 cane toads
  Jeremiah (D:6)
  2 eyes of devastation (Slime:5)
  6 gargoyles
  12 unseen horrors
  2 centaur skeletons
  A hellion (Depths:4)
  A minotaur zombie (Crypt:3)
  4 rime drakes
  7 efreet
  17 yaktaurs
  2 kobold demonologists (D:13)
  7 komodo dragons
  A tormentor (Depths:1)
  A sea snake zombie (Crypt:2)
  2 tengu conjurers
  An ice devil (D:3)
  A red draconian skeleton (Crypt:3)
  A polar bear (shapeshifter) (Elf:3)
  13 trolls
  A merfolk (shapeshifter) (Vaults:5)
  5 hornets
  4 polar bears
  13 raiju (Abyss:4)
  14 merfolk
  A tarantella (shapeshifter) (Vaults:5)
  11 wind drakes
  A glass eye (shapeshifter) (Depths:3)
  9 dream sheep
  29 blink frogs
  A harpy skeleton (Crypt:3)
  A glass eye (Depths:3)
  9 snapping turtles
  2 culicivoras (Vaults:2)
  5 small abominations
  3 air elementals
  9 wraiths
  2 wyverns
  3 vampires
  A human (Bazaar)
  13 water elementals
  A wind drake zombie (Crypt:3)
  2 ynoxinuls (Abyss:4)
  A dire elephant simulacrum (Crypt:3)
  57 yaks
  8 basilisks
  A steam dragon (D:9)
  Grum (D:11)
  3 wargs
  12 fire elementals
  9 golden eyes
  A human (shapeshifter) (D:15)
  6 vampire mosquitoes
  33 nagas
  2 neqoxecs (Abyss:4)
  12 redbacks
  A chaos spawn (Abyss:4)
  3 spatial vortices (Abyss:4)
  Menkaure (D:7)
  3 acid dragons
  13 water moccasins
  3 hell hounds (D:13)
  A faun skeleton (Crypt:2)
  2 sky beasts
  47 orc warriors
  5 ogres
  A swamp dragon zombie (Crypt:3)
  An ice dragon simulacrum (Crypt:3)
  A black bear (shapeshifter) (Vaults:4)
  A blink frog zombie (Crypt:1)
  14 wolves
  35 laughing skulls
  A boggart (Elf:1)
  18 centaurs
  3 kobold brigands
  A vine stalker zombie (Crypt:1)
  13 bullfrogs
  A weeping skull (Ossuary)
  2 gnoll sergeants
  7 earth elementals
  2 scorpions (D:6)
  4 water moccasin zombies (Ossuary)
  A yaktaur skeleton (Crypt:3)
  A naga simulacrum (Crypt:1)
  A queen bee zombie (Crypt:3)
  9 killer bees
  A howler monkey (D:9)
  6 electric eels
  2 bombardier beetles (D:5)
  3 hounds
  10 jellies (Lair:4)
  33 orc priests
  A gnoll bouda (D:8)
  22 orc wizards
  A sleepcap (D:7)
  A scorpion zombie (Crypt:1)
  6 hell rats (Lair:4)
  A boggart skeleton (Crypt:2)
  3 crocodile zombies (Ossuary)
  A tengu skeleton (Crypt:2)
  3 mummies
  A howler monkey zombie (Crypt:2)
  A howler monkey skeleton (Crypt:1)
  12 gnolls
  8 adders
  2 shadow imps
  2 white imps
  4 ufetubi
  A lava snake skeleton (Crypt:2)
  An adder zombie (Ossuary)
  4 ribbon worms
  2 dart slugs
  93 orcs
  8 ball pythons
  5 bats (D:1)
  12 endoplasms
  3 giant cockroaches
  8 gnoll zombies (Ossuary)
  3 goblins
  4 hobgoblins
  7 jackals
  18 kobolds
  2 quokkas
  2 dart slug zombies
  5 frilled lizards
  A jackal skeleton (Crypt:2)
  3 jackal zombies (Ossuary)
  A kobold zombie (D:4)
  6 orc zombies
  7 rats
  A river rat skeleton (Crypt:2)
  A lurking horror (Abyss:4)
  A starspawn tentacle (Abyss:4)
  11 tentacles (Shoals:2)
2421 creatures vanquished.

Vanquished Creatures (collateral kills)
  A hydra (Lair:3)
  A death yak (D:9)
  A cane toad (Lair:5)
  A water moccasin (Lair:3)
  2 bullfrogs
  An orc priest (D:9)
  A gnoll (D:7)
  An adder zombie (Ossuary)
  An orc (D:3)
  A bat (D:3)
  2 gnoll zombies (Ossuary)
  A ball python (D:3)
  2 jackal zombies (Ossuary)
  An orc zombie (Ossuary)
17 creatures vanquished.

Vanquished Creatures (others)
  A draconian knight (Zot:5)
  A deep elf annihilator (Elf:3)
  A deep elf pyromancer (Elf:1)
  A cane toad (D:9)
  A komodo dragon (Lair:5)
  An anaconda simulacrum (Crypt:3)
  A centaur simulacrum (Crypt:3)
  A naga (Snake:4)
  An orc warrior (D:9)
  An orc wizard (D:11)
  2 orcs
  A lurking horror (Abyss:4)
  3 starspawn tentacles (Abyss:4)
  29 tentacles (Shoals:2)
45 creatures vanquished.

Grand Total: 2483 creatures vanquished

Notes
Turn   | Place    | Note
-------+----------+-------------------------------------------
     0 | D:1      | Implojin the Coglin Artificer began the quest for the Orb.
     0 | D:1      | Reached XP level 1. HP: 15/15 MP: 1/1
     2 | D:1      | Noticed a spriggan
     4 | D:1      | Noticed an octopode
     6 | D:1      | Noticed a dwarf
     8 | D:1      | Noticed a vine stalker
     8 | D:1      | Noticed a ghoul
    10 | D:1      | Noticed a demonspawn
    10 | D:1      | Noticed a demigod
    12 | D:1      | Noticed a gargoyle
    12 | D:1      | Noticed a merfolk
    14 | D:1      | Noticed a tengu
    14 | D:1      | Noticed a troll
    16 | D:1      | Noticed a barachi
    16 | D:1      | Noticed a djinni
    18 | D:1      | Noticed an armataur
    20 | D:1      | Noticed a draconian
    20 | D:1      | Noticed an oni
    22 | D:1      | Noticed a formicid
    22 | D:1      | Noticed a vampire
    24 | D:1      | Noticed a human
    24 | D:1      | Noticed an elf
    26 | D:1      | Noticed a naga
    26 | D:1      | Noticed a felid
    28 | D:1      | Noticed a minotaur
    44 | D:1      | Reached skill level 1 in Short Blades
    75 | D:1      | Found a faded altar of an unknown god.
    96 | D:1      | Reached XP level 2. HP: 20/21 MP: 2/2
   587 | D:1      | Reached XP level 3. HP: 23/26 MP: 3/3
  1123 | D:2      | Reached XP level 4. HP: 18/32 MP: 4/4
  1731 | D:3      | Found a hide-covered altar of Uskayaw.
  2215 | D:3      | Reached XP level 5. HP: 36/37 MP: 5/5
  2614 | D:4      | Found a sand-covered staircase.
  2631 | Ossuary  | Entered an ossuary
  2677 | Ossuary  | Reached XP level 6. HP: 28/48 MP: 6/6
  2998 | Ossuary  | Reached skill level 5 in Short Blades
  2998 | Ossuary  | Reached XP level 7. HP: 31/52 MP: 7/7
  3453 | D:4      | Found Samiq's General Store.
  3486 | D:4      | Bought a scroll of identify for 22 gold pieces
  3486 | D:4      | Bought a scroll of teleportation for 33 gold pieces
  3486 | D:4      | Bought a potion of degeneration for 11 gold pieces
  3990 | D:3      | Found a broken altar of Ashenzari.
  4037 | D:5      | Entered Level 5 of the Dungeon
  4350 | D:5      | Reached skill level 1 in Stealth
  4361 | D:5      | Identified a scroll of acquirement
  4362 | D:5      | Acquired a +5 rapier of speed
  4642 | D:6      | Reached XP level 8. HP: 42/60 MP: 8/8
  5274 | D:6      | Noticed Jeremiah
  5290 | D:6      | Killed Jeremiah
  5352 | D:7      | Found a staircase to the Ecumenical Temple.
  5359 | Temple   | Entered the Ecumenical Temple
  5368 | Temple   | Became a worshipper of the Wu Jian Council
  5539 | D:7      | Reached skill level 5 in Evocations
  5641 | D:7      | Noticed Menkaure
  5647 | D:7      | Killed Menkaure
  5648 | D:7      | Reached XP level 9. HP: 65/65 MP: 9/9
  5733 | D:7      | Found an iron altar of Okawaru.
  6148 | D:8      | Reached * piety under Wu Jian
  6272 | D:8      | Noticed a troll
  6277 | D:8      | Killed a troll
  6573 | D:8      | Reached skill level 10 in Short Blades
  6671 | D:8      | Identified the +1 dagger "Eniora Wuru" {flame, rN++ Will+}
  6886 | D:9      | Reached skill level 5 in Fighting
  7063 | D:9      | Noticed a cane toad
  7063 | D:9      | Noticed a death yak
  7078 | D:9      | Killed a death yak
  7079 | D:9      | Reached XP level 10. HP: 79/79 MP: 10/10
  7082 | D:9      | Reached ** piety under Wu Jian
  7101 | D:9      | Found a staircase to the Lair.
  8224 | D:9      | Found a staircase to the Orcish Mines.
  8537 | D:10     | Entered Level 10 of the Dungeon
  9131 | D:10     | Noticed Harold
  9144 | D:10     | Killed Harold
  9145 | D:10     | Reached skill level 2 in Dodging
  9145 | D:10     | Reached XP level 11. HP: 80/84 MP: 11/11
  9261 | D:10     | Found Roism's Assorted Antiques.
  9264 | D:10     | Bought a scroll of teleportation for 90 gold pieces
  9264 | D:10     | Bought a scroll of identify for 60 gold pieces
  9264 | D:10     | Bought a runed bronze wand for 120 gold pieces
  9264 | D:10     | Bought a scroll labelled KENKEYS SOKAERR for 30 gold pieces
  9264 | D:10     | Bought a fuming golden potion for 27 gold pieces
  9268 | D:10     | :oops
  9503 | D:10     | Noticed Fannar
  9512 | D:10     | Killed Fannar
  9513 | D:10     | Reached skill level 4 in Dodging
  9623 | D:11     | Reached *** piety under Wu Jian
  9676 | D:11     | Noticed Erica
  9702 | D:11     | Killed Erica
  9703 | D:11     | Reached skill level 5 in Dodging
  9909 | D:11     | Found a hide-covered altar of Uskayaw.
 10095 | D:11     | Noticed a centaur warrior
 10105 | D:11     | Killed a centaur warrior
 10106 | D:11     | Reached skill level 6 in Dodging
 10214 | D:11     | Noticed a boulder beetle
 10228 | D:11     | Reached skill level 7 in Dodging
 10242 | D:11     | Killed a boulder beetle
 10400 | D:11     | Reached skill level 8 in Dodging
 10458 | D:11     | Noticed Grum
 10468 | D:11     | Killed Grum
 10891 | Lair:1   | Entered Level 1 of the Lair of Beasts
 11031 | Lair:1   | Reached XP level 12. HP: 91/91 MP: 12/12
 11036 | Lair:1   | Noticed a catoblepas
 11041 | Lair:1   | Reached skill level 9 in Dodging
 11053 | Lair:1   | Reached **** piety under Wu Jian
 11055 | Lair:1   | Killed a catoblepas
 11300 | Lair:1   | Reached skill level 10 in Dodging
 11887 | Lair:1   | Reached skill level 5 in Armour
 12300 | Lair:2   | Found a dark tunnel.
 12308 | Volcano  | Entered a volcano
 12317 | Volcano  | Found a large runed translucent door.
 12335 | Volcano  | Reached skill level 1 in Throwing
 12335 | Volcano  | Found a large runed translucent door.
 12337 | Volcano  | Noticed a stone giant
 12385 | Volcano  | Found a large runed translucent door.
 12386 | Volcano  | Found a large runed translucent door.
 12429 | Volcano  | Found a large runed translucent door.
 12436 | Volcano  | Found a large runed translucent door.
 12443 | Volcano  | Noticed a stone giant
 12448 | Volcano  | Noticed a stone giant
 12448 | Volcano  | Found a large runed translucent door.
 12448 | Volcano  | Found a large runed translucent door.
 12480 | Volcano  | Gained mutation: You are strong-willed. (Will+) [potion of
                  | mutation]
 12480 | Volcano  | Gained mutation: Your skin changes colour to match your
                  | surroundings (Stealth+). [potion of mutation]
 12480 | Volcano  | Gained mutation: You are partially covered in iridescent
                  | scales. (AC +2) [potion of mutation]
 12506 | Volcano  | Killed a stone giant
 12511 | Volcano  | Killed a stone giant
 12708 | Volcano  | Killed a stone giant
 12714 | Volcano  | Found a large runed translucent door.
 12714 | Volcano  | Found a large runed translucent door.
 12714 | Volcano  | Noticed a stone giant
 12716 | Volcano  | Found a large runed translucent door.
 12717 | Volcano  | Found a large runed translucent door.
 12725 | Volcano  | Killed a stone giant
 12726 | Volcano  | Reached XP level 13. HP: 79/101 MP: 13/13
 12807 | Volcano  | Noticed a stone giant
 12808 | Volcano  | Found a large runed translucent door.
 12808 | Volcano  | Found a large runed translucent door.
 12826 | Volcano  | Killed a stone giant
 12832 | Volcano  | Reached skill level 10 in Fighting
 12995 | Volcano  | Found a large runed translucent door.
 12995 | Volcano  | Found a large runed translucent door.
 13006 | Volcano  | Found a large runed translucent door.
 13006 | Volcano  | Found a large runed translucent door.
 13067 | Volcano  | Reached ***** piety under Wu Jian
 13639 | Lair:2   | Found a staircase to the Snake Pit.
 13823 | Lair:2   | Found a staircase to the Shoals.
 14152 | Lair:3   | Got the Encyclopedia of Desecration
 14473 | Lair:3   | Reached skill level 5 in Stealth
 14643 | Lair:3   | Identified the +5 flail of Qurghosch {flame, rF+ Dex+2
                  | SInv}
 15148 | Lair:3   | Identified the +11 flail "Ojammeol" {speed, rElec rC+}
 15293 | Lair:3   | Reached XP level 14. HP: 110/110 MP: 14/14
 16497 | Lair:4   | Found a viscous altar of Jiyva.
 16498 | Lair:4   | Found a staircase to the Slime Pits.
 16757 | Lair:4   | Reached ****** piety under Wu Jian
 16866 | Lair:4   | Reached skill level 11 in Dodging
 17279 | Lair:5   | Entered Level 5 of the Lair of Beasts
 17404 | Lair:5   | Reached skill level 12 in Dodging
 18108 | Lair:5   | Reached skill level 13 in Dodging
 18250 | Lair:5   | Reached XP level 15. HP: 103/115 MP: 15/15
 18942 | D:12     | :oh
 18942 | D:12     | :oops
 18942 | D:12     | :forgot gadget
 18942 | D:12     | Acquired a bismuth ramjet {AutoDazzle, rF+ Slay+3}
 19049 | D:12     | Reached skill level 14 in Dodging
 19902 | D:13     | Noticed Azrael
 19915 | D:13     | Killed Azrael
 20324 | D:13     | Found a gate to the Vaults.
 21237 | D:13     | Identified the +0 pair of gloves of Satisfaction {Dex+4
                  | Slay-2 SInv}
 21665 | D:14     | Noticed Rupert
 21672 | D:14     | Killed Rupert
 21673 | D:14     | Reached skill level 10 in Armour
 21935 | D:14     | Found a bloodstained altar of Trog.
 21974 | D:14     | Reached skill level 10 in Evocations
 22896 | D:15     | Entered Level 15 of the Dungeon
 22914 | D:15     | Reached XP level 16. HP: 121/122 MP: 16/16
 23153 | D:15     | Found Kazuar's Neck Hole.
 23301 | D:15     | Found a sparkling altar of Nemelex Xobeh.
 23490 | D:15     | Noticed Jorgrun
 23499 | D:15     | Killed Jorgrun
 24141 | D:15     | Found a staircase to the Depths.
 24632 | Orc:1    | Entered Level 1 of the Orcish Mines
 24711 | Orc:1    | Reached skill level 5 in Throwing
 24725 | Orc:1    | Upgraded the game from 0.32-a0-643-ga006e7742e to
                  | 0.32-a0-656-g3542139ebd
 25139 | Orc:2    | Entered Level 2 of the Orcish Mines
 25326 | Orc:2    | Found a staircase to the Elven Halls.
 25840 | Orc:2    | Reached skill level 10 in Stealth
 26352 | Orc:2    | Found Feic's Armour Emporium.
 26352 | Orc:2    | Found Kiaxzus's Armour Emporium.
 26353 | Orc:2    | Found Joigynti's Distillery.
 26353 | Orc:2    | Found Osozxim's Antique Armour Emporium.
 27093 | Snake:1  | Entered Level 1 of the Snake Pit
 28751 | Snake:2  | Noticed Roxanne
 29442 | Snake:2  | Reached XP level 17. HP: 97/131 MP: 17/17
 29616 | Snake:2  | Found a glowing silver altar of Zin.
 29625 | Snake:2  | Reached skill level 15 in Dodging
 30802 | Snake:3  | Acquired a manual of Armour
 31018 | Snake:3  | Found Adocan's Jewellery Boutique.
 31094 | Snake:3  | Reached skill level 16 in Dodging
 31959 | Snake:3  | Noticed Mara
 31968 | Snake:3  | Killed Mara
 32131 | Snake:3  | Noticed Vashnia
 32255 | Snake:4  | Entered Level 4 of the Snake Pit
 32506 | Snake:3  | Found Adocan's Jewellery Boutique.
 32722 | Snake:3  | Killed Vashnia
 32929 | Snake:3  | Reached skill level 17 in Dodging
 34878 | Snake:3  | Reached XP level 18. HP: 105/140 MP: 0/18
 37483 | Snake:4  | Found Ozaor's Magic Scroll Shop.
 37486 | Snake:4  | Bought a scroll of blinking for 127 gold pieces
 37726 | Snake:4  | Got a serpentine rune of Zot
 38181 | Orc:2    | Bought distressingly furry storm dragon scales for 1955
                  | gold pieces
 38181 | Orc:2    | Identified the +0 storm dragon scales "Earthly Heaven"
                  | {rElec rPois Str+2} (You bought it in a shop on level 2 of
                  | the Orcish Mines)
 38496 | Shoals:1 | Entered Level 1 of the Shoals
 38522 | Shoals:1 | Reached skill level 15 in Armour
 39853 | Shoals:2 | Found Ygilles's Book Boutique.
 41203 | Shoals:2 | Identified the +7 chain mail of Nihilism {Dex+7}
 41615 | Shoals:3 | Found Gawnad's Assorted Antiques.
 41708 | Shoals:3 | Acquired a +3 quick blade of venom
 42294 | Shoals:4 | Entered Level 4 of the Shoals
 42321 | Shoals:4 | Reached XP level 19. HP: 146/146 MP: 19/19
 42354 | Shoals:4 | Found an opulent altar of Gozag.
 42380 | Shoals:4 | Found the +7 great mace "Undeadhunter" {deathbane, rN+}
 42677 | Shoals:4 | Got a barnacled rune of Zot
 42788 | Shoals:4 | Identified the +2 dagger of the Thing {holy, rC++ rN+
                  | Str-3}
 43337 | Vaults:1 | Entered Level 1 of the Vaults
 45031 | Vaults:2 | Found Qeurum's Antique Weapon Shoppe.
 45041 | Vaults:2 | Bought a glowing rapier for 231 gold pieces
 45102 | Vaults:2 | Reached skill level 15 in Fighting
 45153 | Vaults:2 | Found the +5 robe of Night {Dark Will+ SInv}
 45333 | Vaults:2 | Reached XP level 20. HP: 162/162 MP: 20/20
 45603 | Vaults:2 | Reached skill level 15 in Short Blades
 45989 | Vaults:2 | Noticed an ancient lich
 46377 | Vaults:2 | Killed an ancient lich
 46631 | Vaults:2 | Found Sycocke's Antique Weapon Shoppe.
 46988 | Vaults:2 | Found Ceuhoot's Jewellery Shop.
 47365 | Vaults:3 | Found a staircase to the Crypt.
 47745 | Vaults:3 | Noticed a golden dragon
 47745 | Vaults:3 | Identified the +6 orcbow "Kaygit" {heavy, Str+3}
 48276 | Vaults:3 | Killed a golden dragon
 48359 | Vaults:3 | Identified the +1 short sword of the Boiling Point {freeze,
                  | rPois Will+++ Dex-4 SInv}
 48395 | Vaults:3 | Identified the +1 flail of Qoof {vamp, rElec rC+ rN+ Str+3}
 48670 | Vaults:3 | Reached XP level 21. HP: 149/170 MP: 0/21
 48807 | Vaults:3 | Identified the +3 sling "Xaleollo" {flame, Str+5}
 49453 | Vaults:4 | Found Geihuju's Distillery.
 49476 | Vaults:4 | Found Hujehew's Jewellery Emporium.
 49523 | Vaults:4 | Found Nolioxuasch's Jewellery Shop.
 49573 | Vaults:4 | Noticed Norris
 49594 | Vaults:4 | Killed Norris
 50023 | Vaults:4 | Noticed Zenata
 50027 | Vaults:4 | Killed Zenata
 50802 | Vaults:5 | Entered Level 5 of the Vaults
 51024 | Vaults:4 | Reached skill level 18 in Dodging
 51554 | Vaults:4 | Found Geihuju's Distillery.
 51574 | Vaults:4 | Found Hujehew's Jewellery Emporium.
 51927 | Vaults:4 | Found Nolioxuasch's Jewellery Shop.
 53410 | Vaults:5 | Got Mykkusez's Anthology of the Curse
 53416 | Vaults:5 | Identified the +5 falchion of Integrity {protect, Str+2
                  | Int+3}
 53420 | Vaults:5 | Got Sif Muna's Reference Book on Poisonous Accomplices
 53443 | Vaults:5 | Got the Commentary on Gelid Oxidation
 53451 | Vaults:5 | Identified the +1 pair of boots of Xinleck {Int+7}
 53466 | Vaults:5 | Reached skill level 19 in Dodging
 53748 | Vaults:5 | Found Suhubeem's Magic Scroll Shoppe.
 53749 | Vaults:5 | Reached XP level 22. HP: 165/181 MP: 22/22
 53831 | Vaults:5 | Found Vuatuig's Magic Scroll Shoppe.
 53926 | Vaults:5 | Found Laem's Magic Scroll Boutique.
 54150 | Vaults:5 | Found Tiec's Magic Scroll Shop.
 54167 | Vaults:5 | Found Xukkokli's Magic Scroll Emporium.
 54328 | Vaults:5 | Noticed an ancient lich
 54337 | Vaults:5 | Killed an ancient lich
 54433 | Vaults:5 | Reached skill level 20 in Dodging
 55101 | Vaults:5 | Noticed a dread lich
 55106 | Vaults:5 | Killed a dread lich
 55135 | Vaults:5 | Identified the +4 short sword of the Brewing Fool {protect,
                  | Fly rElec rC+++ Stlth-}
 55487 | Vaults:5 | Got a silver rune of Zot
 55599 | Vaults:5 | Noticed a golden dragon
 55610 | Vaults:5 | Killed a golden dragon
 56108 | Elf:1    | Entered Level 1 of the Elven Halls
 56113 | Elf:1    | Paralysed by an air elemental for 1 turns
 56119 | Elf:1    | Paralysed by an air elemental for 1 turns
 56463 | Elf:1    | Found Atuismup's Antique Armour Shoppe.
 56773 | Abyss:4  | Cast into level 4 of the Abyss (+2 trident of distortion)
 57206 | Elf:1    | Escaped the Abyss
 57774 | Elf:2    | Noticed Saint Roka
 57787 | Elf:2    | Killed Saint Roka
 57801 | Elf:2    | Reached XP level 23. HP: 122/192 MP: 23/23
 58469 | Elf:2    | Found a huge runed translucent gate.
 58469 | Elf:2    | Found a huge runed translucent gate.
 58469 | Elf:2    | Found a huge runed translucent gate.
 58469 | Elf:2    | Found a huge runed translucent gate.
 58470 | Elf:2    | Found a huge runed translucent gate.
 58591 | Elf:2    | Noticed Nikola
 58607 | Elf:2    | Killed Nikola
 59124 | Elf:3    | Entered Level 3 of the Elven Halls
 59717 | Elf:3    | Reached skill level 1 in Long Blades
 59747 | Elf:3    | Identified the +0 long sword "Coal" {pain, Str+2 Int+3
                  | Dex+3}
 59779 | Elf:3    | Identified the +0 hand axe "Iruq" {flame, *Rage rPois rF++
                  | Int+3}
 59781 | Elf:3    | Identified the +3 ring mail of the True Pharaoh {rC+ Str+3}
 60047 | Elf:3    | Reached skill level 5 in Long Blades
 60462 | Elf:3    | Identified the +3 quarterstaff of Poverty {protect, rPois}
 60606 | Elf:3    | Identified the +0 mace "Qifabyzo" {elec, rN+}
 60649 | Elf:3    | Identified the ring "Neav Elu" {rCorr Str+6 Dex+5}
 60662 | Elf:3    | Got the Spellbook of Percussion
 60800 | Elf:1    | Bought a warped scale mail for 180 gold pieces
 60800 | Elf:1    | Identified the +2 scale mail "Hyxapn" {+Inv rElec Dex+4}
                  | (You bought it in a shop on level 1 of the Elven Halls)
 61299 | Vaults:2 | Bought the +8 autumn katana {manifold assault} for 1717
                  | gold pieces
 61299 | Vaults:2 | Found the +8 autumn katana {manifold assault}
 61710 | Orc:2    | Bought a pair of runed gloves for 172 gold pieces
 61714 | Orc:2    | Bought a brightly glowing leather armour for 161 gold
                  | pieces
 61714 | Orc:2    | Identified the +1 leather armour "Imoyck Qofoa" {Str+2
                  | Slay+2 SInv} (You bought it in a shop on level 2 of the
                  | Orcish Mines)
 62154 | Snake:4  | Bought a scroll of blinking for 127 gold pieces
 62498 | Depths:1 | Entered Level 1 of the Depths
 62778 | Depths:1 | Found an opulent altar of Gozag.
 63254 | Depths:1 | Found a gateway to Hell.
 63267 | Depths:1 | Found Beroosis's Weapon Shoppe.
 63268 | Depths:1 | Found Vonkodo's Armour Emporium.
 63268 | Depths:1 | Found Puxtet's Armour Shoppe.
 63273 | Depths:1 | Found Bauceck's Assorted Antiques.
 63795 | Depths:2 | Noticed a golden dragon
 63802 | Depths:2 | Found a transporter.
 63833 | Depths:2 | Found a flickering gateway to a bazaar.
 63855 | Depths:2 | Found a one-way gateway to a ziggurat.
 63860 | Depths:2 | Reached XP level 24. HP: 201/208 MP: 23/23
 63872 | Depths:2 | Noticed Sojobo
 63876 | Depths:2 | Reached skill level 10 in Long Blades
 63881 | Depths:2 | Killed Sojobo
 63930 | Depths:2 | You fall into a shaft and drop 2 floors!
 63930 | Depths:4 | Entered Level 4 of the Depths
 63938 | Depths:4 | Noticed a juggernaut
 63947 | Depths:4 | Killed a juggernaut
 63961 | Depths:3 | Found the +8 mithril axe "Arga" {speed, Will+}
 63961 | Depths:3 | Found Sigi's Jewellery Shop.
 64005 | Bazaar   | Entered a bazaar
 64006 | Bazaar   | Identified the ring "Wimpo" {Fly rC+}
 64224 | Bazaar   | Found Uqaots's Magic Scroll Shop.
 64269 | Bazaar   | Found Garu's Distillery.
 64295 | Bazaar   | Found Rialing's Distillery.
 64320 | Bazaar   | Found Cikkacatt's Magic Scroll Shop.
 64389 | Bazaar   | Bought a scroll of blinking for 82 gold pieces
 64417 | Bazaar   | Bought a scroll of acquirement for 728 gold pieces
 64429 | Bazaar   | Acquired 1041 gold pieces
 64481 | Bazaar   | Bought a scroll of enchant armour for 105 gold pieces
 64497 | Bazaar   | Bought 2 potions of haste for 200 gold pieces
 64497 | Bazaar   | Bought a potion of haste for 100 gold pieces
 64517 | Bazaar   | Bought 2 potions of haste for 180 gold pieces
 64517 | Bazaar   | Bought a potion of heal wounds for 45 gold pieces
 64615 | Depths:2 | Identified the amulet "Suppinif" {rPois rN+++ Regen+ Int+3
                  | Dex-5}
 65737 | Depths:2 | Found a transporter.
 65827 | Depths:2 | Found a one-way gate leading to the halls of Pandemonium.
 66021 | Depths:2 | Reached skill level 21 in Dodging
 66086 | Depths:2 | Identified the +0 cloak of Afonufoj {rC+ Regen+ Int+3
                  | Dex+6}
 66229 | Depths:3 | Identified the +2 mace of Winuow {drain, rC+ Dex+3}
 66234 | Depths:3 | Found a hazy altar of Hepliaklqana.
 66363 | Depths:3 | Found Ronu's Distillery.
 66371 | Depths:3 | Bought a potion of heal wounds for 60 gold pieces
 66371 | Depths:3 | Bought a potion of heal wounds for 60 gold pieces
 66416 | Depths:3 | Found Kevvah's Assorted Antiques.
 66427 | Depths:3 | Found Ocynesee's Antique Armour Emporium.
 66663 | Depths:3 | Identified the amulet of Meega {Acrobat ^Contam Int+3 Dex+2
                  | SInv}
 66685 | Depths:3 | Noticed a juggernaut
 66692 | Depths:3 | Killed a juggernaut
 66693 | Depths:3 | Reached skill level 22 in Dodging
 66744 | Depths:3 | Found a one-way gate to the infinite horrors of the Abyss.
 66810 | Depths:3 | Noticed a juggernaut
 66818 | Depths:3 | Killed a juggernaut
 66819 | Depths:3 | Reached XP level 25. HP: 214/214 MP: 23/23
 67253 | Depths:3 | Found Ruaskesi's Jewellery Boutique.
 67477 | Depths:4 | Reached skill level 23 in Dodging
 67704 | Depths:4 | Found a gate to the Realm of Zot.
 68497 | Vaults:5 | Bought a scroll of enchant weapon for 112 gold pieces
 68511 | Vaults:5 | Bought a scroll of enchant weapon for 120 gold pieces
 68560 | Crypt:1  | Entered Level 1 of the Crypt
 68572 | Crypt:1  | Found a basalt altar of Yredelemnul.
 68578 | Crypt:1  | Noticed Bai Suzhen
 68592 | Crypt:1  | Killed Bai Suzhen
 70165 | Crypt:2  | Reached skill level 24 in Dodging
 70384 | Crypt:3  | Entered Level 3 of the Crypt
 70399 | Crypt:3  | Found a staircase to the Tomb.
 70468 | Crypt:3  | Identified the ring "Inifutt" {Ice MP-9 Int+3 SInv}
 70468 | Crypt:3  | Noticed Josephina
 70496 | Crypt:3  | Killed Josephina
 70913 | Crypt:3  | Found a runed translucent gate.
 70913 | Crypt:3  | Found a runed translucent gate.
 70913 | Crypt:3  | Found a runed translucent gate.
 70914 | Crypt:3  | Noticed Uferhotu's ghost (veteran MiGl)
 70959 | Crypt:3  | Noticed Uroast's ghost (veteran MiGl)
 71713 | Crypt:3  | Killed Uferhotu's ghost
 71714 | Crypt:3  | Killed Uroast's ghost
 71717 | Crypt:3  | Identified the +0 hat "Uggeh" {Str+4 Int-5 Dex+4}
 71819 | Crypt:3  | Noticed a dread lich
 71849 | Crypt:3  | Reached skill level 25 in Dodging
 71850 | Crypt:3  | Killed a dread lich
 71871 | Crypt:3  | Noticed an ancient lich
 71871 | Crypt:3  | Noticed a dread lich
 71907 | Crypt:3  | Killed an ancient lich
 71913 | Crypt:3  | Killed a dread lich
 71914 | Crypt:3  | Reached XP level 26. HP: 222/222 MP: 23/23
 71933 | Crypt:3  | Got Nililo's Encyclopedia of the Sarcophagus
 71941 | Crypt:3  | Identified the ring "Yffal" {Fire Str-3 Int+4 Stlth+}
 71945 | Crypt:3  | Identified the +9 short sword "Undertaker" {drain, MP+9
                  | Dex+3 SInv}
 71947 | Crypt:3  | Identified the +0 chain mail of the Evening {rElec Str+4
                  | Stlth+}
 71951 | Crypt:3  | Identified the ring of Asiexag {Fire rN++ MP+9}
 71951 | Crypt:3  | Identified the ring of the Giraffatuar {rPois rN++ Stlth+}
 72008 | Crypt:3  | :wow no usable rCorr
 72794 | Vaults:5 | Bought a scroll of enchant armour for 112 gold pieces
 72809 | Vaults:5 | Bought a scroll of enchant armour for 120 gold pieces
 72821 | Vaults:5 | Bought a scroll of enchant armour for 120 gold pieces
 72821 | Vaults:5 | Bought a scroll of fear for 64 gold pieces
 73117 | Depths:3 | Voluntarily entered the Abyss.
 73152 | Abyss:4  | Found a corrupted altar of Lugonu.
 73178 | Abyss:4  | Got an abyssal rune of Zot
 73224 | Abyss:4  | Found a corrupted altar of Lugonu.
 73257 | Depths:3 | Escaped the Abyss
 73378 | Depths:3 | :guess i'm skipping slime to no rcorr
 73847 | Slime:1  | Entered Level 1 of the Pits of Slime
 73945 | Slime:5  | Entered Level 5 of the Pits of Slime
 73977 | Slime:5  | Found a viscous altar of Jiyva.
 73977 | Slime:5  | Noticed the Royal Jelly
 74078 | Slime:5  | Reached skill level 26 in Dodging
 74232 | Slime:5  | Killed the Royal Jelly
 74273 | Slime:5  | Got Uvatig's Tome of Locality and the Valley
 74289 | Slime:5  | Identified the +1 plate armour of the Evil One {^Drain
                  | rElec Regen+ Slay+6}
 74306 | Slime:5  | Identified the amulet of Tomorrow {^Contam rC+ Regen+
                  | Str+5}
 74326 | Slime:5  | Got the Incunabulum of Immolation
 74346 | Slime:5  | Got a starry gem with 193 turns to spare
 74348 | Slime:5  | Got a slimy rune of Zot
 74354 | Slime:5  | Identified the +1 robe of Untruth {rC+}
 74382 | Slime:5  | Identified the +2 helmet of Protective Custody {Int+3
                  | Dex+4}
 74915 | Zot:1    | Entered Level 1 of the Realm of Zot
 75051 | Zot:1    | Found a transporter.
 75054 | Zot:1    | Noticed an ancient lich
 75054 | Zot:1    | Noticed MrSquiggles's ghost (veteran OnHW)
 75221 | Zot:1    | Found a transporter.
 75407 | Zot:1    | Noticed Kinwaexu's ghost (veteran OnBe)
 75528 | Zot:1    | Noticed a Killer Klown
 75537 | Zot:1    | Killed a Killer Klown
 75588 | Zot:1    | Reached skill level 27 in Dodging
 75593 | Zot:1    | Noticed a Killer Klown
 75612 | Zot:1    | Killed a Killer Klown
 75644 | Zot:1    | Identified the amulet of the Madman {Acrobat rElec rN++
                  | Str-3 Int-2}
 76252 | Zot:2    | Identified the +8 halberd "Giant's Curse" {flame, *Corrode
                  | rN+ Str+2}
 76335 | Zot:2    | Reached XP level 27. HP: 216/228 MP: 23/23
 76546 | Zot:2    | Found a white marble altar of Elyvilon.
 76760 | Zot:2    | You fall into a shaft and drop 1 floor!
 77022 | Zot:2    | Found the +4 dragonskin cloak
 77022 | Zot:2    | Noticed Tiamat
 77054 | Zot:2    | Killed Tiamat
 77181 | Zot:2    | Noticed an orb of fire
 77185 | Zot:2    | Gained mutation: You are dopey. (Int -2) [an orb of fire]
 77187 | Zot:2    | Gained mutation: You do not regenerate when monsters are
                  | visible. [an orb of fire]
 77188 | Zot:2    | Killed an orb of fire
 77189 | Zot:2    | :lol
 77189 | Zot:2    | :just
 77189 | Zot:2    | lol
 77746 | Orc:2    | Bought 2 potions of experience for 1500 gold pieces
 77746 | Orc:2    | Bought a potion of might for 60 gold pieces
 78473 | Zot:2    | Lost mutation: You are dopey. (Int -2) [potion of mutation]
 78473 | Zot:2    | Lost mutation: You are strong-willed. (Will+) [potion of
                  | mutation]
 78473 | Zot:2    | Lost mutation: Your skin changes colour to match your
                  | surroundings (Stealth+). [potion of mutation]
 78473 | Zot:2    | Gained mutation: Your flesh is heat resistant. (rF+)
                  | [potion of mutation]
 78473 | Zot:2    | Gained mutation: Your mind is acute. (Int +4, Str/Dex -1)
                  | [potion of mutation]
 78473 | Zot:2    | Gained mutation: You expend magic power (3 MP) to
                  | strengthen your wands. [potion of mutation]
 78474 | Zot:2    | :hmm
 78474 | Zot:2    | Lost mutation: Your mind is acute. (Int +4, Str/Dex -1)
                  | [potion of mutation]
 78474 | Zot:2    | Lost mutation: You expend magic power (3 MP) to strengthen
                  | your wands. [potion of mutation]
 78474 | Zot:2    | Gained mutation: You are weak. (Str -2) [potion of
                  | mutation]
 78474 | Zot:2    | Gained mutation: Your body sometimes deteriorates upon
                  | taking damage. [potion of mutation]
 78475 | Zot:2    | Lost mutation: Your flesh is heat resistant. (rF+) [potion
                  | of mutation]
 78475 | Zot:2    | Lost mutation: You do not regenerate when monsters are
                  | visible. [potion of mutation]
 78475 | Zot:2    | Lost mutation: Your body sometimes deteriorates upon taking
                  | damage. [potion of mutation]
 78475 | Zot:2    | Gained mutation: Your mind is acute. (Int +4, Str/Dex -1)
                  | [potion of mutation]
 78475 | Zot:2    | Gained mutation: You are frail. (-10% HP) [potion of
                  | mutation]
 78475 | Zot:2    | Gained mutation: You are partially covered in large bone
                  | plates. (SH +4) [potion of mutation]
 78887 | Zot:3    | Identified the +8 trident "Dunuocwe" {drain, ^Contam Will++
                  | MP+9}
 79124 | Zot:3    | :huh
 80307 | Zot:5    | Entered Level 5 of the Realm of Zot
 80341 | Zot:5    | Identified the +3 robe "Gawi" {Int+3 Dex+4 Stlth+}
 80890 | Zot:5    | Noticed a dread lich
 80892 | Zot:5    | Noticed an ancient lich
 80897 | Zot:5    | Killed a dread lich
 80906 | Zot:5    | Killed an ancient lich
 80963 | Zot:5    | Noticed an orb of fire
 80967 | Zot:5    | Noticed an orb of fire
 80972 | Zot:5    | Noticed an orb of fire
 80980 | Zot:5    | Killed an orb of fire
 80990 | Zot:5    | Killed an orb of fire
 81004 | Zot:5    | Killed an orb of fire
 81140 | Zot:5    | Noticed an orb of fire
 81150 | Zot:5    | Noticed a dread lich
 81151 | Zot:5    | Killed an orb of fire
 81159 | Zot:5    | Killed a dread lich
 81160 | Zot:5    | Noticed a dread lich
 81161 | Zot:5    | Noticed an orb of fire
 81168 | Zot:5    | Killed a dread lich
 81179 | Zot:5    | Gained mutation: You are occasionally teleported next to
                  | monsters. [an orb of fire]
 81180 | Zot:5    | Killed an orb of fire
 81194 | Zot:5    | Lost mutation: You are weak. (Str -2) [potion of mutation]
 81194 | Zot:5    | Lost mutation: You are partially covered in large bone
                  | plates. (SH +4) [potion of mutation]
 81194 | Zot:5    | Lost mutation: You are occasionally teleported next to
                  | monsters. [potion of mutation]
 81194 | Zot:5    | Lost mutation: Your mind is acute. (Int +4, Str/Dex -1)
                  | [potion of mutation]
 81194 | Zot:5    | Gained mutation: You occasionally lose the ability to drink
                  | potions when taking damage. [potion of mutation]
 81194 | Zot:5    | Gained mutation: You have very sharp teeth. [potion of
                  | mutation]
 81194 | Zot:5    | Gained mutation: You are agile. (Dex +4, Str/Int -1)
                  | [potion of mutation]
 81507 | Zot:5    | Got the Orb of Zot
 81647 | Zot:2    | Noticed Fasmyps the pandemonium lord
 81650 | Zot:2    | Killed Fasmyps the pandemonium lord
 82109 | D:6      | Noticed a seraph
 82120 | D:6      | Killed a seraph
 82283 | D:1      | :what a game
 82284 | D:$      | Escaped with the Orb!

Illustrated notes #....###.....#...#.. #....#.......#...#.. #[...###'#####...#.. #................#.. #.....#####......#.. ####.....#...'......#.. #........#...#......#.. #.#+#....#...#......#.. #.+∩'.@..#####......#.. ###+#...............#.. #...####..........#.. ##### #..........#.. #..........#.. #....#####.#.. #....# #.### ######....# +.... #.........# #.... Turn 9268 on D:10: :oops #. # #.##. #....######## #...........# #...##..@# .# #.....>..#..# #...........# #.......#+### #....?..# #.......# #.#####.# #.# #.# #.# #.# ## Turn 18942 on D:12: :oh # #.........# #.# # #........^# #.###### # #.........# #....... # #.........# #.###### ### ####)).......# #.# #### ..# #............# #####..# ..# #.##.........####.....# .(# #.####'#######..#..#..# ..# ###.####@####ßß#..#..#'.# ..# #...^.####..#..#..#.##... ### #.#...#).#..#..#'##...... #########.#####..#..#'##...[..##' ..............#..#'##.....)##)#.. .............##'##......##'#..#.. ........#....##.[....##'#..#..#.# ''''##....##..[...##'#.....#..### .....###...#...##'#..#..#..#### Turn 72008 on Crypt:3: :wow no usable rCorr

####..[...#..≈≈...........§§§...#
#........##.§≈...##.......§§§≈)..
#........#.§§§).####........§≈§≈.
##.).)..##.§§§.## ##.....#).).≈≈
#..)...#..§..)## ##....###.)..≈
##....#'.§≈..[(####....## ##.)..
#....#..§......##......###.....
##...#.≈≈...............#.....)
#..##........@...............[
##.#..§.......................
###.≈§...##.............##...
#..≈...####....§...≈..####.)
#..§..## ##...§.<.≈.## ##)
#.§§..## ##...≈.<.≈.## ##.
#.§≈...####....≈...§..####..
####.≈§...##.............##).÷
#..#..≈§.........)............


Turn 73378 on Depths:3: :guess i'm skipping slime to no rcorr #.)...# #.........
#########'####...[##### #............####.# ### #............# #.###..
#............# #...+.. #............# ##.##.. #............# #.##..
#........†...# #.##.. #.....@......# #.##.. #............#####.##..
#............+.....##.. #............########.. ############## ### Turn 77189 on
Zot:2: :lol #.....>......####.##... #)...........#....##...
#..)....).[..#.#.###... #.......)....#.#.# #... #.))[...).)..+...###...
#............#.#...+... ###'##########.#.###... #............#.#.# #...
#.....@......+...# #... #............#.### #... #............#.# #...
#............#.## #### #............+..# #........[...#..# ##########'###..#
#####.###..# #..........# Turn 78474 on Zot:2: :hmm ###############
############### ############### ############### ############### ######.ß.######
#####.....##### #####ß.@.ß##### #####..†..##### ## #### ######...###### #.
...#############'########### ##. ##..##.....###.....###.....####..
##.#.#####.#.#...#.#.#####.##..# #.'.).....#.#...#.##......+..##
#.#)).ß...'.#.ß.#.+...ß...#.## #.+.).)...#.#...#.#...[.....# Turn 79124 on
Zot:3: :huh ###.#######.# #g#.#g#.....# ###.###.##### #M#.#x#.#
###.###.############ #i#.#K#............. ###'################ #...# #.@.# #####
Turn 82283 on D:1: :what a game

Levels and vault maps discovered:
D:1:      kb_arrival_jail, layout_basic, shapermc_ecumenical_altar_starsandcircs
D:2:      layout_rooms
D:3:      layout_rooms, nicolae_overflow_hidden_temple
D:4:      layout_gridville, serial_shops, nicolae_shop_hallway_stairs,
          nicolae_ossuary_entry_giza
D:5:      layout_rooms
D:6:      layout_basic, nrook_mini_backslash, minmay_misc_feat_columns,
          chequers_serial_rivers_micro_c, uniq_jeremiah
D:7:      layout_cave_pools, mainiacjoe_overflow_catwalk,
          minmay_temple_entry_statues_fountains, uniq_menkaure
D:8:      layout_loops_cross, serial_glass, glass_columns_c, glass_columns_a,
          roderic_roman_lattice
D:9:      layout_roguey, dpeg_lair_monsters, david_orc_4
D:10:     layout_irregular_city, serial_shops, nicolae_shop_behind_doors,
          uniq_fannar, uniq_harold
D:11:     layout_loops_ring, minmay_liquid_box, nicolae_uskayaw_dance_hall,
          uniq_erica, uniq_grum
D:12:     layout_stronghold
D:13:     layout_loops_corners, erik_vaults_2, serial_park_tiny_pond,
          ebering_dispersal_statue_hall, uniq_azrael
D:14:     layout_cave_pods, lemuel_doored_altar, argonaut_gorgonesque,
          uniq_rupert
D:15:     grunt_enter_depths_hoard, layout_layer_cave,
          nemelex_xobeh_ov_fountains_minmay, nicolae_shop_sticking_my_neck_out,
          uniq_jorgrun
Temple:   compressed_dpeg_triangle_lava_temple
Lair:1:   layout_cave_shapes, serial_bayou, serial_bayou_ford_a,
          serial_bayou_lagoon_a, serial_bayou_pond_b, serial_bayou_pond_c,
          grunt_megastairs_4
Lair:2:   layout_long_grid, minmay_shoals_entry_lonely_mermaid,
          guppyfry_snake_entry_garden, lightli_volcano_entry_magma_tube
Lair:3:   wad_woods_structure_01, layout_regular_city, grunt_megastairs_3
Lair:4:   layout_cave_pods, minmay_slime_entry_jelly_boxes
Lair:5:   evilmike_catoblepas_cave, layout_hall_layers, serial_bayou_shore_b,
          infiniplex_staircase_pool, grunt_megastairs_2, lemuel_fruit_fields
Shoals:1: nicolae_shoals_offshore_bank_account, layout_shoals,
          nicolae_shoals_goliath_grotto
Shoals:2: nicolae_shoals_lighthouse, layout_shoals, serial_shops, shop
Shoals:3: layout_shoals, serial_shops, shop, nicolae_shoals_dead_sea_scrolls
Shoals:4: shoals_end_simple, layout_shoals, lemuel_altar_in_water
Snake:1:  layout_basic
Snake:2:  layout_gridlike, basic_altar, uniq_roxanne
Snake:3:  layout_basic, nicolae_zig_zag_zippers, minmay_shop_star,
          serial_bayou_shore_a, uniq_mara, uniq_vashnia
Snake:4:  snake_pit, layout_layer_cave, serial_shops, nicolae_shop_rolled_up
Slime:1:  layout_caves
Slime:2:  layout_caves
Slime:3:  layout_caves, cheibrodos_slime_lost_civilization_4
Slime:4:  layout_caves, nicolae_slime_barrier, nicolae_slime_phagocytosis
Slime:5:  slime_pit_nicolae_amoeboid
Orc:1:    hellmonk_paralyzer, layout_diamond_mine
Orc:2:    st_orc_pillars, layout_caves
Elf:1:    elf_arrival_002, layout_loops_corners, serial_shops,
          nicolae_shop_tiny_glass, hangedman_elf_disciples
Elf:2:    elven_hall_of_blades_hangedman_alternative
          [mumra_blade_entry_bloodbath], layout_gridlike,
          dreamdust_wishing_well, uniq_nikola, uniq_saint_roka
Elf:3:    elf_hall_gauntlet_wide, layout_onion_city, grunt_ministairs_14
Vaults:1: v_rooms_3, grunt_vaults_hallway_short,
          nicolae_vaults_offset_grid_hallway_3, vaults_room_corners,
          nicolae_vaults_mini_display_case, nicolae_vaults_house_2,
          nicolae_vaults_tetromino_L_2, layout_vaults_omnigrid
Vaults:2: vaults_dpeg_emergency_exit, vaults_room_grunt_arrival_checkpoint,
          v_misc_19, nicolae_vaults_trapezoid_3, v_rooms_4,
          nicolae_vaults_diffraction_hallways, v_misc_11,
          nicolae_vaults_cornered_office, vaults_mumra_hexcomb,
          ontoclasm_vaults_misaligned, nicolae_vaults_network_periphery,
          vaults_room_mumra_shop_pool, nicolae_vaults_double_plus_2,
          layout_vaults_ring, serial_shops, shop, shop
Vaults:3: nicolae_vaults_weapon_check, st_greater_box_1, v_rooms_1,
          minmay_crypt_entry_simple_corners, hangedman_vaults_river_flow,
          vaults_room_large_hall, nicolae_vaults_tetromino_T_2, v_misc_13,
          nicolae_vaults_rhombus_7, vaults_dpeg_diagonal,
          nicolae_vaults_tetromino_L_1, layout_vaults_maze_snakey
Vaults:4: nicolae_vaults_two_Ls, nicolae_vaults_trapezoid_1,
          ontoclasm_vaults_chip, nicolae_vaults_network_quinsquares
          [nicolae_vaults_network_quincunx_subvault,
          nicolae_vaults_network_quincunx_subvault,
          nicolae_vaults_network_quincunx_subvault,
          nicolae_vaults_network_quincunx_subvault], vaults_dpeg_encased_lava,
          nicolae_vaults_trapezoid_lopsided_2, vaults_room_pool, v_misc_27,
          nicolae_vaults_heart-shaped_vault, nicolae_vaults_border_crossing,
          layout_vaults_big_room, serial_shops, nicolae_shop_crystal, shop,
          shop, uniq_zenata, uniq_norris
Vaults:5
Crypt:1:  layout_rooms, basic_altar, serial_library_hellmonk_angled_corner,
          uniq_bai_suzhen
Crypt:2:  layout_catacombs
Crypt:3:  david_glass_crypt, layout_basic, gammafunk_ghost_cemetery,
          nicolae_crypt_diagonal_loculi, uniq_josephina
Depths:1: layout_gridlike, hangedman_coc_ice_floe, serial_bayou_pond_e,
          drop_trap, grunt_gozag_statues, firewood_loft,
          kennysheep_random_hallway, minmay_shoptagon
Depths:2: gammafunk_the_bubble [the_bubble_gammafunk_grid], layout_cave_pools,
          enter_ziggurat_f, infiniplex_staircase_pillars_3a, hell_entry,
          serial_shops, bzr_entry_water, rand_demon_pan_entry_9, uniq_sojobo
Depths:3: nooodl_heptagram, layout_cave_pools, serial_shops, shop_statue,
          nicolae_shop_dealshenge, kennysheep_mini_moat, nicolae_stop_n_shop_1,
          nicolae_shop_peninsula, pf_hell_entry_tar_spiral,
          nicolae_hepliaklqana_hazy_memory, abyss_entry
Depths:4: grunt_zot_entry_funnels, layout_long_grid, minmay_room_of_horrors,
          hell_entry
Zot:1:    cheibrodos_zot_enchanting_chambers, layout_onion, nzn_ghost_randoct,
          regret_index_zotdec_split_disrupt
Zot:2:    layout_gridlike, regret_index_zotdec_iron_s, uniq_tiamat
Zot:3:    layout_onion_interference, grunt_megastairs_1
Zot:4:    layout_gridlike, regret_index_zotdec_twisting_globes
Zot:5:    layout_cathedral_of_symmetry, grunt_ministairs_3

Skill      XL: |  1  2  3  4  5  6  7  8  9 10 11 12 13 14 15 16 17 18 19 20 21 22 23 24 25 26 27 |
---------------+----------------------------------------------------------------------------------+-----
Short Blades   | 1 2 3 4 5 6 8 10 12 14 17 18 19 | 19.2
Fighting       | 3 4 7 9 10 11 12 15 17 18 21 | 21.0
Stealth        | 3 4 6 8 10 12 | 12.5
Evocations     | 6 8 10 12 | 12.0
Dodging        | 2 8 10 13 14 17 19 20 22 25 27 | 27.0
Armour         | 6 10 11 17 18 19 24 | 24.6
Throwing       | 3 5 |  5.0
Long Blades    | 9 10 | 10.2

Action                     |  1- 3 |  4- 6 |  7- 9 | 10-12 | 13-15 | 16-18 | 19-21 | 22-24 | 25-27 || total
---------------------------+-------+-------+-------+-------+-------+-------+-------+-------+-------++-------
  Melee: Club              |    14 |       |       |       |       |       |       |       |       ||    14
         Dagger            |   116 |    46 |   232 |   624 |  1500 |  2033 |       |       |       ||  4551
         Short sword       |    55 |   429 |   221 |       |       |       |       |       |       ||   705
         Rapier            |       |       |   191 |   654 |  1570 |  2197 |  2679 |  2257 |  3888 || 13436
         Quick blade       |       |       |       |       |       |    71 |   665 |   672 |   721 ||  2129
         Katana            |       |       |       |       |       |       |       |   245 |   288 ||   533
         Bite              |       |       |       |       |       |       |       |       |    33 ||    33
  Throw: Dart              |       |       |     4 |     3 |       |       |       |     3 |       ||    10
         Throwing net      |       |       |       |     5 |     3 |    12 |     2 |     6 |    11 ||    39
         Boomerang         |       |       |       |       |       |     6 |       |       |     1 ||     7
 Invoke: Heavenly Storm    |       |       |       |       |     2 |     1 |       |     4 |     6 ||    13
Ability: Lunge             |       |       |    15 |    33 |   111 |   231 |   166 |   181 |   221 ||   958
         Whirlwind         |       |       |     8 |    53 |   174 |   235 |   188 |   233 |   365 ||  1256
         Invent Gizmo      |       |       |       |       |     1 |       |       |       |       ||     1
         Begin Untransform |       |       |       |       |       |       |       |       |     1 ||     1
  Evoke: Wand              |     1 |    16 |    16 |    18 |    15 |    18 |       |     1 |     3 ||    88
         Phial of floods   |       |       |       |       |       |     1 |       |       |       ||     1
    Use: Scroll            |       |     7 |     8 |    10 |    14 |    11 |     5 |    12 |    19 ||    86
         Potion            |       |       |       |     9 |     1 |    20 |       |     6 |    26 ||    62
   Stab: Sleeping          |     2 |     1 |     4 |     5 |    42 |    48 |    31 |    34 |    28 ||   195
         Paralysed         |       |       |     9 |     4 |     5 |     9 |       |       |       ||    27
         Invisible         |       |       |       |     2 |     3 |    17 |    18 |    13 |     8 ||    61
         Held in net/web   |       |       |       |     9 |     4 |    11 |     5 |     6 |     9 ||    44
         Petrified         |       |       |       |     2 |       |       |       |       |       ||     2
         Distracted        |       |       |       |     1 |     4 |    11 |     7 |    18 |    10 ||    51
         Petrifying        |       |       |       |       |     2 |       |       |       |       ||     2
         Fleeing           |       |       |       |       |       |       |     1 |       |     2 ||     3
 Armour: Leather armour    |    53 |    25 |       |       |       |       |       |       |       ||    78
         Ring mail         |       |    96 |   149 |   198 |   396 |   383 |       |       |       ||  1222
         Storm dragon scal |       |       |       |       |       |   199 |       |       |       ||   199
         Chain mail        |       |       |       |       |       |    22 |   472 |   344 |   201 ||  1039
         Plate armour      |       |       |       |       |       |       |       |       |   347 ||   347
         Fire dragon scale |       |       |       |       |       |       |       |       |     9 ||     9
  Dodge: Dodged            |    78 |    88 |   102 |   142 |   413 |   607 |   449 |   458 |   893 ||  3230
  Block: Other             |       |       |       |       |       |       |       |       |    26 ||    26
   Form: Beast             |       |       |       |       |       |       |       |       |     1 ||     1

Table legend: (Time is in decaauts)
 A = Elapsed time spent in this place.
 B = Non-inter-level travel time spent in this place.
 C = Inter-level travel time spent in this place.
 D = Time resting spent in this place.
 E = Time spent auto-exploring this place.
 F = Levels seen in this place.
 G = Mean time per level.
                   A        B        C        D        E       F      G
               +--------+--------+--------+--------+--------+-----+--------+
         Total |  79389 |  68831 |  10558 |  11162 |  41245 |  61 | 1301.5 |
       Dungeon |  19016 |  14685 |   4331 |    969 |  10652 |  15 | 1267.7 |
        Temple |     19 |     11 |      8 |      0 |      0 |   1 |   19.0 |
          Lair |   7089 |   6313 |    776 |    260 |   4445 |   5 | 1417.8 |
        Shoals |   4723 |   4459 |    264 |    863 |   2534 |   4 | 1180.8 |
     Snake Pit |  10808 |  10282 |    526 |   4245 |   4487 |   4 | 2702.0 |
    Slime Pits |    509 |    509 |      0 |     30 |      0 |   5 |  101.8 |
  Orcish Mines |   3435 |   2076 |   1359 |    300 |   1259 |   2 | 1717.5 |
   Elven Halls |   4283 |   3845 |    438 |      4 |   2792 |   3 | 1427.7 |
        Vaults |  12792 |  11661 |   1131 |   3256 |   5924 |   5 | 2558.4 |
         Crypt |   3522 |   3346 |    176 |      0 |   2606 |   3 | 1174.0 |
        Depths |   5425 |   4256 |   1169 |    251 |   2740 |   4 | 1356.2 |
           Zot |   5390 |   5014 |    376 |    319 |   3505 |   5 | 1078.0 |
         Abyss |    472 |    472 |      0 |     15 |      0 |   2 |  236.0 |
        Bazaar |    520 |    520 |      0 |      0 |    298 |   1 |  520.0 |
       Ossuary |    672 |    672 |      0 |    351 |      0 |   1 |  672.0 |
       Volcano |    707 |    707 |      0 |    298 |      0 |   1 |  707.0 |
               +--------+--------+--------+--------+--------+-----+--------+

Top non-repeatable levels by time:
 Snake:3: 4582 daAuts
Vaults:4: 3733 daAuts
 Snake:4: 2885 daAuts
Vaults:5: 2613 daAuts
   Orc:2: 2606 daAuts
     D:9: 2496 daAuts
Vaults:2: 2468 daAuts
Vaults:3: 2330 daAuts
    D:12: 2161 daAuts
    D:15: 1906 daAuts
Depths:1: 1799 daAuts
    D:14: 1782 daAuts
 Snake:2: 1721 daAuts
  Lair:3: 1720 daAuts
Vaults:1: 1645 daAuts
